 Dungeon Crawl Stone Soup version 0.17.0-28-g6e173f8 (webtiles) character file.

238 fredomojojo the Shield-Bearer (level 5, -1/47 HPs)
             Began as a Minotaur Fighter on Nov 26, 2015.
             Was a Follower of Nemelex Xobeh.
             Slain by a slave (5 damage)
             ... led by Pikel
             ... on level 4 of the Dungeon.
             The game lasted 00:36:48 (1948 turns).

fredomojojo the Shield-Bearer (Minotaur Fighter)    Turns: 1948, Time: 00:36:48

Health: -1/47      AC: 12    Str: 27    XL:     5   Next: 78%
Magic:  4/4        EV:  5    Int: 10    God:    Nemelex Xobeh [*.....]
Gold:   117        SH: 11    Dex:  9    Spells: 0 memorised, 4 levels left

rFire  . . .     SeeInvis .     a - +1 flail
rCold  . . .     Clarity  .     l - +0 plate armour
rNeg   + . .     SustAt   .     c - +1 shield
rPois  .         Gourm    .     (helmet restricted)
rElec  .         Spirit   .     (no cloak)
rCorr  .         Warding  +     (no gloves)
rMut   .         Stasis   .     (no boots)
MR     .....                    r - amulet of warding
Stlth  ..........               (no ring)
                                b - +5 ring of intelligence

@: mighty, not resistant to hostile enchantments, extremely unstealthy
A: retaliatory headbutt, horns 2
a: Renounce Religion


You were on level 4 of the Dungeon.
You worshipped Nemelex Xobeh.
Nemelex Xobeh was aware of your devotion.
You were not hungry.

You visited 1 branch of the dungeon, and saw 4 of its levels.

You collected 117 gold pieces.

Inventory:

Hand Weapons
 a - a +1 flail (weapon)
 m - a cursed -1 spear
 A - a +1 dagger of electrocution
Missiles
 h - 20 stones (quivered)
 v - 26 sling bullets
Armour
 c - a +1 shield (worn)
 l - a +0 plate armour (worn)
 o - a +2 pair of boots
Jewellery
 b - a +5 ring of intelligence (left hand)
 r - an amulet of warding (around neck)
 s - an uncursed amulet of resist corrosion
Scrolls
 g - a scroll of recharging
 j - 2 scrolls of remove curse
 n - 2 scrolls of teleportation
 p - a scroll of identify
Potions
 d - a potion of might
 f - a potion of invisibility
 q - a potion of beneficial mutation {unknown}
 u - 2 potions of resistance
 x - 2 potions of agility
 z - a potion of cancellation
Miscellaneous
 w - a plain deck of war {drawn: 1}
Comestibles
 e - 4 bread rations
 k - a meat ration
 t - a beef jerky


   Skills:
 + Level 4.7 Fighting
 + Level 3.4 Maces & Flails
 + Level 1.9 Throwing
 + Level 4.8 Armour
 + Level 1.0 Dodging
 + Level 5.0 Shields


You had 4 spell levels left.
You didn't know any spells.

Dungeon Overview and Level Annotations

Branches:
Dungeon (4/15)
 Temple: D:4-7

Altars:
Cheibriados
Nemelex Xobeh

Annotations:
D:4 Pikel


Innate Abilities, Weirdness & Mutations

You reflexively headbutt those who attack you in melee.
You have a pair of horns on your head.


Message History

Pikel is severely wounded.
The slave hits you but does no damage. You block the slave's attack.
You block Pikel's attack. The slave hits you but does no damage.
You block the slave's attack. The slave hits you but does no damage.
You sock Pikel! Your headbutt misses Pikel.
Pikel is almost dead.
The slave hits you but does no damage. x2
Pikel hits you with a whip of flaming.
* * * LOW HITPOINT WARNING * * *
Pikel burns you.
* * * LOW HITPOINT WARNING * * *
The slave hits you.
* * * LOW HITPOINT WARNING * * *
The slave hits you but does no damage. x2
You block the slave's attack. Pikel hits you but does no damage.
You hit Pikel.
Pikel is almost dead.
The slave closely misses you. You block the slave's attack. The slave hits you.
You die...
Your body disappears without a glow.

###### #....#
#....# # #
######..pp#.#...#
+.......p@......+
#####.##pK..#...#
#.####......#
#...pp....../
##..####......
#..<..# ......
##.#### ......
#.# ...### #.#


You could see Pikel and 4 slaves.

Vanquished Creatures
  An orc priest (D:3)
  An iguana (D:3)
  An orc wizard (D:3)
  A worker ant (D:3)
  5 adders
  2 worms (D:2)
  3 giant geckos
  8 orcs (D:3)
  6 bats
  3 giant cockroaches
  9 goblins
  3 hobgoblins
  4 jackals (D:2)
  13 kobolds
  A quokka (D:2)
  2 ball pythons (D:1)
  4 giant newts
  12 rats
79 creatures vanquished.

Notes
Turn   | Place    | Note
--------------------------------------------------------------
     0 | D:1      | fredomojojo the Minotaur Fighter began the quest for the Orb.
     0 | D:1      | Reached XP level 1. HP: 19/19 MP: 0/0
   211 | D:1      | Reached XP level 2. HP: 22/27 MP: 1/1
   304 | D:1      | Reached skill level 4 in Armour
   478 | D:2      | Reached XP level 3. HP: 26/33 MP: 2/2
   716 | D:2      | Reached XP level 4. HP: 41/41 MP: 3/3
   875 | D:2      | Found a sparkling altar of Nemelex Xobeh.
   875 | D:2      | Found a snail-covered altar of Cheibriados.
   888 | D:2      | Became a worshipper of Nemelex Xobeh the Trickster
   923 | D:2      | Received a gift from Nemelex Xobeh
  1255 | D:3      | Reached skill level 1 in Throwing
  1328 | D:3      | Reached XP level 5. HP: 45/47 MP: 4/4
  1422 | D:3      | Reached skill level 5 in Shields
  1437 | D:3      | Found a faded altar to an unknown god.
  1812 | D:3      | Reached * piety under Nemelex Xobeh
  1874 | D:3      | Reached skill level 1 in Dodging
  1928 | D:4      | Noticed a slave
  1928 | D:4      | Noticed a slave
  1930 | D:4      | Noticed a slave
  1931 | D:4      | Noticed Pikel
  1932 | D:4      | Noticed a slave
  1948 | D:4      | Slain by a slave

Action                   |  1- 3 |  4- 6 || total
-------------------------+-------+-------++-------
Melee: Flail             |    75 |   120 ||   195
Throw: Stone             |     6 |    63 ||    69
Evoke: Deck              |       |     1 ||     1
  Use: Potion            |     1 |     1 ||     2
       Scroll            |       |    14 ||    14
  Eat: Chunk             |       |     4 ||     4
